Match 45491244
Unlisted

Match 45491244
End
Selects Airborne Battlegroup
Selects Airborne Battlegroup
Selects Pathfinders
Construct Weapon Support Center
Pathfinder Squad
Bazooka Squad
Pathfinder Squad
Bazooka Squad
Air Support Center
Grasshopper Recon Run
P-47 Dive Bomb
Selects Paratrooper Squad Paradrop
Construct Medical Station
Paratrooper Squad Paradrop
Selects Recon Loiter
Double Sortie
Improved M9 Bazooka Rockets
Grasshopper Recon Run
P-47 Strafing Run
M1919 Machine Gun Team
Selects Supply Drop
Supply Drop
Recon Loiter
Paratrooper Squad Paradrop
Grasshopper Recon Run
Supply Drop
Recon Loiter
P-47 Strafing Run
Grasshopper Recon Run
P-47 Dive Bomb
P-47 Strafing Run
Paratrooper Squad Paradrop
Supply Drop
Grasshopper Recon Run
P-47 Dive Bomb
Recon Loiter
Construct Tank Depot
Supply Drop
Air Supply
Grasshopper Recon Run
P-47 Strafing Run
P-47 Dive Bomb
Selects Carpet Bombing Run
M4(105) Sherman Bulldozer
Supply Drop
Recon Loiter
Carpet Bombing Run
P-47 Strafing Run
M4(105) Sherman Bulldozer
Recon Loiter
Grasshopper Recon Run
P-47 Dive Bomb
Engineer Squad
M18 Hellcat Tank Destroyer
Selects Anti-tank Gun Team Paradrop
Anti-tank Gun Team Paradrop
Supply Drop
Recon Loiter
P-47 Dive Bomb
P-47 Strafing Run
Recon Loiter
P-47 Dive Bomb
P-47 Dive Bomb
P-47 Strafing Run
Improved Aircraft Armor
M18 Hellcat Tank Destroyer
Pioneer Combine
okinawa
孤冰月
UtataNation 🛌🌟
娘希匹,优势在我!
Navigator
浮生、毁你几座春秋
...........
0
0

Comments sign in to comment!

No comments posted yet!